Unix NetHack Version 3.7.0-82 Work-in-progress - last build Apr 17 2023 03:07:26 (e853d47aa369caa3f400cfc56ad4c4ae4a18b75a,branch:master). Game began 2023-04-17 20:41:38, ended 2023-04-20 21:49:21. DoktorL, neutral male human Monk @ A @ ---------A @ |.......| |.......| ----- |..@@...|@ |... |W......| ------ --..--------- | |.......| | ......-- --...|.......| |. ----A----A.| .......@---A..A|.......| |.....@a.@....| .......%*..@.%A-..._...| ---.AaATA...--- ...Aa...---@...|.......| -----A----- .......-- --...|.......| --.......- ----.---- --.%--------- --.........- ------.%.---- |... |...........|.............. ----- -....&....--........M..A..| -...A%..--........A..A...| ----Q----....@.........%.| ...a)@*.............%..?| ------------------------- DoktorL the Student of Waters St:25 Dx:17 Co:17 In:4 Wi:17 Ch:12 Neutral S:837460 Astral Plane $:0 HP:192(192) Pw:59(59) AC:-21 Xp:14/105637 T:27636 Latest messages: The giant ant misses! You hear a chugging sound. "I first mistook thee for a statue, when I regarded thy head of stone." The invisible high priestess intones: "Pilgrim, you enter a sacred place!" The Nazgul wields a long sword! The long sword welds itself to the Nazgul's hand! The renegade Angel of Chih Sung-tzu zaps you with a magic missile! The magic missile hits the Angel of Moloch. But it reflects from the Angel of Moloch's shield! The magic missile misses the renegade Angel of Chih Sung-tzu. The magic missile bounces! The priestess of Shan Lai Ching attacks a spot beside you. The priestess of Shan Lai Ching casts a spell at thin air! The Angel of Moloch swings her long sword. The Angel of Moloch hits! The Angel of Moloch swings her long sword. The Angel of Moloch hits again! The Angel of Moloch hits! The Angel of Moloch casts a spell at you! You are hit by a shower of missiles! The missiles bounce off! The Angel of Moloch points at you, then curses. Famine rises from the dead in a ring of withered crops! Pick an object. What do you want to zap? [hipwxAH-JOT or ?*] In what direction? Famine moves Alex the invisible Rover out of the way! The renegade Angel of Chih Sung-tzu points at you, then curses. "Doth pain excite thee? Wouldst thou prefer the whip?" You hear a mumbled curse. The Angel of Moloch points at you, then curses. The Angel of Moloch points at you, then curses. The Angel of Moloch points at you, then curses. You hear a rumbling noise. Pick an object. Famine moves the Angel of Moloch out of the way! You hear a mumbled curse. The Angel of Shan Lai Ching points at you, then curses. "Thy life belongs to Shan Lai Ching now!" You hear a mumbled curse. The Angel of Moloch points at you, then curses. # What do you want to sacrifice? [j or ?*] You offer the Amulet of Yendor to Chih Sung-tzu... An invisible choir sings, and you are bathed in radiance... The voice of Chih Sung-tzu thunders: "Mortal, thou hast done well!" "In return for thy service, I grant thee the gift of Immortality!" You ascend to the status of Demigod... Do you want your possessions identified? [ynq] (y) Inventory: Amulets r - an uncursed amulet of ESP (being worn) y - an uncursed amulet of flying Q - an uncursed amulet of life saving g - an uncursed amulet of magical breathing Weapons L - 11 blessed +5 shuriken (at the ready) b - the cursed rustproof +4 Giantslayer f - a blessed +3 silver saber a - the rustproof +6 Vorpal Blade Armor F - a blessed +4 elven leather helm (being worn) u - an uncursed rusty thoroughly corroded +3 pair of gauntlets of power (being worn) E - a blessed fireproof +3 pair of speed boots (being worn) P - a blessed +5 shield of reflection (being worn) q - a blessed fireproof +2 cloak of magic resistance (being worn) n - an uncursed burnt +1 robe G - a blessed +4 T-shirt with text "I am not a pack rat - I am a collector" (being worn) Comestibles R - an uncursed lembas wafer X - an uncursed partly eaten lembas wafer K - 2 uncursed cockatrice corpses (wielded) m - an uncursed lizard corpse Spellbooks W - the cursed Book of the Dead Rings d - an uncursed ring of conflict v - an uncursed +1 ring of increase damage (on right hand) Wands T - a wand of death (3:5) p - a wand of death (2:0) w - a wand of digging (0:8) I - a wand of digging (0:7) O - a wand of digging (0:2) H - a wand of sleep (0:2) J - a wand of sleep (0:1) h - a wand of teleportation (0:5) i - a wand of teleportation (0:4) A - a wand of teleportation named 0:0 (0:0) x - a wand of wishing (1:0) Tools t - a blessed bag of holding containing 51 items C - an empty uncursed sack z - an uncursed bugle M - the Bell of Opening (0:2) U - the uncursed Candelabrum of Invocation (7 of 7 candles attached) N - the blessed Eyes of the Overworld (being worn) D - a magic marker (0:47) k - a magic marker (1:10) B - a magic marker named PRAY:500 (1:2) l - an uncursed oil lamp s - an uncursed skeleton key c - an uncursed stethoscope V - a cursed towel e - a blessed +0 unicorn horn named COLD Gems/Stones S - a blessed luckstone Contents of the bag of holding: an uncursed +0 mummy wrapping 5 uncursed apples 3 uncursed C-rations an uncursed cream pie 4 uncursed fortune cookies an uncursed fortune cookie 2 uncursed lembas wafers 6 uncursed oranges an uncursed pear a blessed scroll of blank paper an uncursed scroll of blank paper a cursed scroll of blank paper a blessed scroll of identify 4 uncursed scrolls of remove curse an uncursed scroll of taming an uncursed scroll of teleportation a blessed scroll of teleportation an uncursed spellbook of protection 4 potions of holy water a potion of unholy water a blessed potion of extra healing 3 blessed diluted potions of full healing an uncursed potion of gain level a blessed potion of paralysis a cursed ring of aggravate monster an uncursed +1 ring of gain constitution a cursed ring of hunger an uncursed ring of protection from shape changers an uncursed ring of regeneration an uncursed ring of warning a wand of cold (0:4) a wand of cold (0:2) a wand of cold (0:0) a wand of digging (0:4) a wand of digging (0:3) a wand of digging (0:0) a cursed wand of digging (0:0) a wand of fire (0:4) a wand of light (0:14) a wand of lightning (0:4) a wand of magic missile (0:3) a wand of secret door detection (0:9) a wand of secret door detection (0:14) a wand of speed monster (0:5) a wand of striking (0:3) a cursed wand of striking (0:3) a blessed wand of striking (0:0) a wand of teleportation (0:8) a wand of teleportation (0:0) 5 cursed wax candles a blessed oil lamp DoktorL the Monk's attributes: Background: You were a Student of Waters, a level 14 male human Monk. You were neutral, on a mission for Chih Sung-tzu who was opposed by Shan Lai Ching (lawful) and Huan Ti (chaotic). You were in the endgame, on the Astral Plane. You entered the dungeon 27636 turns ago. There was a new moon in effect when your adventure ended. You had 105637 experience points, 54363 more were needed to attain level 15. Your score was 837460 before end-of-game adjustments. Basics: You had all 192 hit points. You had all 59 energy points (spell power). Your armor class was -21. Your wallet was empty. Autopickup was off. Final Characteristics: Your strength was 25 (base:18/07, peak:18/11, innate limit:18/100). Your dexterity was 17 (limit:18). Your constitution was 17 (limit:18). Your intelligence was 4 (peak:9, limit:18). Your wisdom was 17 (limit:18). Your charisma was 12 (limit:18). Final Status: You were not hungry. You were unencumbered. You were wielding corpses. Final Attributes: You were the Envoy of Balance. You were piously aligned. You were magic-protected. You were fire resistant. You were cold resistant. You were sleep resistant. You were shock resistant. You were poison resistant. You saw invisible. You were telepathic. You were warned. You had automatic searching. You were stealthy. You had a small damage bonus (+1). You had a small defense bonus (+5). You were warded. You were very fast. You had reflection. You were extremely lucky. You had extra luck. Good luck did not time out for you. You survived. Miscellaneous: You never encountered a bones level. Total elapsed playing time was 5 hours, 9 minutes and 4 seconds. Major events: Turn 1: DoktorL the neutral male human Monk entered the dungeon 423: entered the Gnomish Mines 763: attained the rank of Novice (level 3) 1593: attained the rank of Initiate (level 6) 3146: made his first wish - "blessed greased fixed +2 cloak of magic resistance", got "a greased opera cloak" 4820: entered Sokoban 5387: completed 2nd Sokoban level 5781: completed 3rd Sokoban level 6577: completed 4th Sokoban level 7990: attained the rank of Student of Stones (level 10) 10776: acquired the Mines' End luckstone 15082: was bestowed with Giantslayer by Chih Sung-tzu 15465: became Chih Sung-tzu's Envoy of Balance 15465: was bestowed with Vorpal Blade 17190: killed Medusa 18188: wished for "marker", got "a magic marker" 18474: wished for "blessed +2 shield of reflection", got "a polished silver shield" 18973: attained the rank of Student of Waters (level 14) 19580: killed Master Kaen 19580: found the Eyes of the Overworld carried by a monster 19585: acquired the Bell of Opening 20634: found Dragonbane on the floor 20759: entered Gehennom 20920: wished for "2 cursed scrolls of genocide", got "a scroll labeled ETAOIN SHRDLU" 21399: performed his first genocide (class L) 21461: genocided class e 22097: bribed Asmodeus with 90 zorkmids for safe passage 22134: killed Juiblex 22647: bribed Baalzebub with 90 zorkmids for safe passage 22671: killed Orcus 23186: destroyed Vlad the Impaler 23187: acquired the Candelabrum of Invocation 23540: killed the Wizard of Yendor 23541: acquired the Book of the Dead 23671: performed the invocation 23823: killed the high priest of Moloch 24232: killed the Wizard of Yendor (2nd time) 24618: killed the Wizard of Yendor (3rd time) 25322: acquired The Amulet of Yendor 26158: killed the invisible Wizard of Yendor (5th time) 26559: found Sunsword carried by a monster 27144: entered the Elemental Planes 27144: entered Plane of Earth 27211: killed the invisible Wizard of Yendor (10th time) 27242: entered Plane of Air 27319: entered Plane of Fire 27326: entered Plane of Water 27481: wished for "marker", got "a magic marker" 27522: entered the Astral Plane 27566: killed Pestilence 27601: killed Pestilence (2nd time) 27616: found Demonbane carried by a monster 27621: killed Famine 27636: ascended Vanquished creatures: Orcus Juiblex the Wizard of Yendor (11 times) Pestilence (twice) Famine Vlad the Impaler a high cleric Master Kaen Medusa a master lich a storm giant a titan a balrog 6 purple worms 3 gray dragons 2 gold dragons 2 silver dragons 2 blue dragons 3 green dragons a yellow dragon 21 minotaurs a jabberwock 4 baluchitheria 12 Angels 2 demiliches 6 stone golems 2 master mind flayers an Olog-hai 6 pit fiends 8 sandestins a hell hound 5 titanotheres a baby blue dragon a baby green dragon a guardian naga 3 genetic engineers 15 vampire leaders 19 aligned clerics a captain 4 shades 2 liches a clay golem 3 ice devils 3 nalfeshnees 2 Aleaxes 3 frost giants 2 ettins a golden naga 5 black puddings 14 vampires 4 lieutenants 22 ghosts a winged gargoyle 2 mind flayers 4 giant mimics 2 long worms a zruty 2 fire giants 3 ogre tyrants 12 ice trolls 2 rock trolls 3 umber hulks a flesh golem 6 elven monarchs 8 hezrous 5 bone devils 6 large mimics 2 wumpuses 2 fire vortices 9 stalkers 6 air elementals 4 fire elementals 15 earth elementals 5 water elementals 8 hill giants 2 giant mummies 3 black nagas 23 xorns 17 giant zombies 8 elf-nobles 4 sergeants 3 barbed devils 3 vrocks a salamander 6 wargs 3 winter wolves 11 small mimics 2 warhorses 6 steam vortices 6 xans an ettin mummy 4 ogre leaders 5 quantum mechanics 10 trolls a sasquatch a wood golem 3 erinyes 5 mariliths a djinni 4 sharks 2 gelatinous cubes a freezing sphere 3 shocking spheres a tiger 4 gargoyles 2 dwarf rulers 5 tengu 7 ochre jellies 7 leocrottas 6 energy vortices 5 mountain centaurs 2 stone giants 2 elf mummies 3 human mummies 4 red nagas a green slime 2 pythons 4 pit vipers 2 cobras 52 wraiths 5 carnivorous apes 14 ettin zombies 3 leather golems 8 Grey-elves 47 soldiers 2 amorous demons 3 horned devils 5 chameleons 4 crocodiles 16 giant beetles 2 quivering blobs 11 cockatrices 12 wolves 5 winter wolf cubs a lynx 3 panthers 16 gremlins 3 leprechauns 3 orc-captains an iron piercer a mumak 4 giant spiders 5 scorpions 3 horses 3 ice vortices 2 black lights 3 vampire bats 3 forest centaurs 7 gnome rulers a dwarf mummy 3 ogres a brown pudding 9 rust monsters 4 owlbears 2 yetis 3 gold golems 2 werewolves a Green-elf a piranha 5 giant eels 7 lizards 2 housecats 2 jaguars 2 dwarf leaders a blue jelly 3 white unicorns a gray unicorn 3 black unicorns 2 dust vortices 5 ravens 6 plains centaurs a gnome mummy 5 snakes 3 apes 22 human zombies a rope golem 13 Woodland-elves 26 soldier ants 18 fire ants 22 bugbears 3 imps 6 quasits a wood nymph 6 water nymphs a mountain nymph 2 Mordor orcs 5 Uruk-hai 4 orc shamans 4 rock piercers a rock mole 2 fog clouds 9 yellow lights a shrieker a violet fungus 20 gnome leaders 8 gnomish wizards 5 kobold mummies a red naga hatchling 3 gray oozes a barrow wight 14 elf zombies 7 ghouls 3 straw golems 2 jellyfish 2 baby crocodiles 17 giant ants 6 floating eyes 22 dwarves 6 homunculi 2 kobold leaders 2 kobold shamans 16 hill orcs 6 rothes a rabid rat 2 centipedes 4 giant bats 11 orc zombies 13 dwarf zombies 4 wererats a werejackal 8 iguanas 27 killer bees an acid blob 2 coyotes 2 gas spores 7 hobbits 3 manes a large kobold 24 hobgoblins 3 giant rats 2 cave spiders a yellow mold a green mold 73 gnomes 3 Keystone Kops 13 gnome zombies 5 geckos 9 jackals a fox a kobold 7 goblins 6 sewer rats 10 grid bugs 8 lichens 16 kobold zombies 6 newts 1413 creatures vanquished. Genocided or extinct species: gas spores floating eyes freezing spheres flaming spheres shocking spheres liches demiliches master liches arch-liches erinyes (extinct) 9 species genocided. 1 species extinct. Voluntary challenges: You read items or engraved 105 times. You engraved Elbereth 8 times. You genocided 9 types of monsters. You never polymorphed an object. You used 5 wishes. You did not wish for any artifacts. You did not violate any of the special Sokoban rules. Achievements: You entered the Gnomish Mines. You attained the rank of Novice. You attained the rank of Initiate. You entered a temple. You entered a shop. You entered Sokoban. You attained the rank of Student of Stones. You completed the Gnomish Mines. You defeated Medusa. You attained the rank of Student of Waters. You had the Bell of Opening. You entered Gehennom. You had the Candelabrum of Invocation. You had the Book of the Dead. You gained access to Moloch's Sanctum. You reached the Elemental Planes. You reached the Astral Plane. You delivered the Amulet of Yendor. You ascended! The Elemental Planes: Astral Plane: <- You are here. Some temples. Plane of Water: Plane of Fire: Plane of Air: Plane of Earth: The Dungeons of Doom: levels 1 to 28 Level 1: A fountain. One way stairs up to The Elemental Planes. Level 2: "tele scrol" Stairs down to The Gnomish Mines. Level 3: A sink. Level 4: Level 5: Some shops, a fountain. Level 6: A general store, a fountain. Level 7: "pick" Some fountains. Oracle of Delphi. Level 8: Stairs up to Sokoban, level 7. Level 9: A fountain. Level 10: A fountain. Level 11: A temple. Level 12: A grave. Level 13: "wraiths" A fountain. Portal to The Quest. Level 14: A potion shop. Level 15: A primitive area. Level 16: Level 17: A fountain. Level 18: Level 19: A fountain. Level 20: "lvl tele" A temple, a grave. Level 21: An altar. Level 22: "throne here and above" A sink. Level 23: An altar to Chih Sung-tzu, a grave. Level 24: Level 25: Level 26: Level 27: Level 28: A fountain. The castle. Gehennom: levels 29 to 52 Level 29: A temple, many graves. Valley of the Dead. Level 30: Level 31: Level 32: Level 33: Some fountains. Level 34: Level 35: Level 36: Level 37: Level 38: An untended shop, an altar, many graves. Level 39: Level 40: Level 41: Stairs up to Vlad's Tower, level 40. Level 42: Level 43: Level 44: Level 45: Level 46: Level 47: Level 48: Level 49: Level 50: Level 51: Level 52: A temple, many graves. Moloch's Sanctum. The Gnomish Mines: levels 3 to 11 Level 3: Level 4: Level 5: Many shops, a temple, some fountains. Level 6: Level 7: Level 8: "POLY TRAP" Level 9: Level 10: Level 11: The Quest: levels 1 to 5 Level 1: A temple, many trees. Completed quest for the Grand Master. Level 2: Level 3: Level 4: Level 5: An altar. Sokoban: levels 7 up to 4 Level 4: Solved. Level 5: Solved. Level 6: Solved. Level 7: Unsolved. Vlad's Tower: levels 40 up to 38 Level 38: Level 39: Level 40: Goodbye DoktorL the Demigod... You went to your reward with 1742270 points, Vorpal Blade (worth 4000 zorkmids and 10000 points) Giantslayer (worth 200 zorkmids and 500 points) The Bell of Opening (worth 5000 zorkmids and 12500 points) The Eyes of the Overworld (worth 2500 zorkmids and 6250 points) The Candelabrum of Invocation (worth 5000 zorkmids and 12500 points) The Book of the Dead (worth 10000 zorkmids and 25000 points) and 0 pieces of gold, after 27636 moves. You were level 14 with a maximum of 192 hit points when you ascended.